 Dungeon Crawl Stone Soup version 0.28.0-43-g3370ac3207 (webtiles) character file.

Game seed: 11236773686414410472

44 nickcage the Cudgeller (level 3, 0/23 HPs)
             Began as a Gargoyle Fighter on Mar 7, 2022.
             Was a Follower of Okawaru.
             Slain by a goblin
             ... wielding a +0 club
             ... led by Robin
              (4 damage)
             ... on level 2 of the Dungeon.
             The game lasted 00:04:32 (1111 turns).

nickcage the Cudgeller (Gargoyle Fighter)           Turns: 1111, Time: 00:04:33

Health: 0/23       AC: 14    Str: 21    XL:     3   Next: 60%
Magic:  3/3        EV:  8    Int:  8    God:    Okawaru [*.....]
Gold:   40         SH:  7    Dex:  9    Spells: 2/2 levels left

rFire   . . .      SeeInvis .   a - +0 flail
rCold   . . .      Faith    .   o - +0 kite shield
rNeg    + . .      Spirit   .   b - +0 scale mail
rPois   ∞          Reflect  .   (no helmet)
rElec   +          Harm     .   (no cloak)
rCorr   .          Rampage  .   e - +0 pair of gloves
Will    .....                   g - +2 pair of boots
Stlth   ..........              (no amulet)
HPRegen 0.07/turn               (no ring)
MPRegen 0.08/turn               (no ring)

@: mighty
A: sickness immunity, AC +3, negative energy resistance 1, electricity
resistance, torment resistance 1, petrification resistance
a: Renounce Religion, Heroism


You were on level 2 of the Dungeon.
You worshipped Okawaru.
Okawaru was aware of your devotion.
You visited 1 branch of the dungeon, and saw 2 of its levels.

You collected 40 gold pieces.

Inventory:

Hand Weapons
 a - a +0 flail (weapon)
Missiles
 q - 2 boomerangs (quivered)
Armour
 b - a +0 scale mail (worn)
 e - a +0 pair of gloves (worn)
 g - a +2 pair of boots (worn)
 o - a +0 kite shield (worn)
Scrolls
 f - a scroll of summoning {unknown}
 k - 4 scrolls of identify {unknown}
 n - a scroll of fog {unknown}
Potions
 c - a potion of brilliance {unknown}
 h - 3 potions of curing {unknown}
 i - a potion of degeneration {unknown}
 j - a potion of resistance {unknown}
 l - a potion of attraction {unknown}
 m - 2 potions of experience {unknown}


   Skills:
 - Level 3.2 Fighting
 + Level 3.9 Maces & Flails
 - Level 3.2 Armour
 - Level 3.2 Shields


You had 2 spell levels left.
You didn't know any spells.
Your spell library was empty.

Dungeon Overview and Level Annotations

Branches:
Dungeon (2/15)

Altars:
Okawaru
Uskayaw

Annotations:
D:2 Robin


Innate Abilities, Weirdness & Mutations

You are immune to sickness and miasma.
Your stone body is resilient. (AC +3)
You are immune to poison.
You resist negative energy. (rN+)
You are resistant to electric shocks. (rElec)
You are resistant to unholy torment.
You are immune to petrification.


Message History

You block the goblin's attack. The goblin hits you with a +0 dagger.
You block the goblin's attack. Robin closely misses you.
You thump the goblin!
You kill the goblin!
Okawaru accepts your kill. You block the goblin's attack.
Robin hits you but does no damage.
You miss the goblin. The goblin barely misses you.
Robin hits you but does no damage. You block the goblin's attack.
The goblin hits you but does no damage.
The hobgoblin no longer looks unusually strong.
Robin throws the goblin at you! The goblin hits you but does no damage.
The goblin hits you with a +0 club.
You barely miss Robin.
Robin roars a battlecry!
The hobgoblin goes into a battle-frenzy!
The goblin hits you but does no damage. The goblin closely misses you.
Robin hits you but does no damage. The goblin hits you but does no damage.
The goblin hits you with a +0 club.
You hit Robin but do no damage. Robin throws the goblin at you!
The goblin hits you with a +0 dagger.
* * * LOW HITPOINT WARNING * * *
The goblin hits you but does no damage.
You hit Robin.
Robin is lightly wounded.
The goblin no longer looks unusually strong. x2
The goblin barely misses you. Robin barely misses you.
You block the goblin's attack. x2; The goblin hits you but does no damage.
Robin barely misses you. The goblin hits you but does no damage.
You block the goblin's attack.
You feel very mighty all of a sudden.
The goblin no longer looks unusually strong.
The goblin closely misses you. The goblin hits you but does no damage.
The goblin barely misses you.
You sock Robin!
Robin is almost dead.
The goblin no longer looks unusually strong. x2
The goblin hits you but does no damage. Robin hits you with a +0 spear.
* * * LOW HITPOINT WARNING * * *
The goblin hits you with a +0 club.
You die...

... ... ## .... ..
.... .##..## .Jg...
#################g#g#
...............g@ggl#
#####'###########g###
#.......# #g# #
#.......# #.# #
#.......# #.#
###.......#######.#
..................#
.##.......#########
..#.......#


You could see Robin, an endoplasm, 2 hobgoblins, 5 goblins and a frilled lizard.

Vanquished Creatures
  An adder (D:2)
  A dart slug (D:1)
  4 ball pythons
  5 endoplasms
  4 goblins
  5 hobgoblins
  2 kobolds (D:1)
  3 bats (D:1)
  A frilled lizard (D:1)
  2 rats (D:1)
28 creatures vanquished.

Notes
Turn   | Place    | Note
-------+----------+-------------------------------------------
     0 | D:1      | nickcage the Gargoyle Fighter began the quest for the Orb.
     0 | D:1      | Reached XP level 1. HP: 14/14 MP: 1/1
    81 | D:1      | Reached XP level 2. HP: 19/19 MP: 2/2
   643 | D:1      | Found a faded altar of an unknown god.
   646 | D:1      | Prayed at the altar of an unknown god.
   646 | D:1      | Became a worshipper of Warmaster Okawaru
   646 | D:1      | Reached * piety under Okawaru
   737 | D:2      | Reached XP level 3. HP: 18/23 MP: 3/3
   896 | D:2      | Found a hide-covered altar of Uskayaw.
  1096 | D:2      | Noticed Robin
  1111 | D:2      | Slain by a goblin

Illustrated notes

Levels and vault maps discovered:
D:1:      minmay_arrival_up_and_down, layout_rooms,
          shapermc_ecumenical_altar_mp_vishouse
D:2:      layout_basic, serial_shops, nicolae_shop_window_shopping, basic_altar,
          st_stairs_5, minmay_between, uniq_robin

Skill      XL: |  1  2 |
---------------+-------+-----
Maces & Flails | 3 |  3.9
Fighting       | |  3.2
Armour         | |  3.2
Shields        | |  3.2

Action                   || total
-------------------------++-------
Melee: Flail             ||    89
  Use: Potion            ||     1
Armor: Scale mail        ||    83
Dodge: Dodged            ||    56
Block: Buckler           ||    19
       Kite shield       ||    16
